 Seeded DCSS version 0.28-a0-48-gfd831c5874 (webtiles) character file.

Game seed: 345683587896838049 (custom seed)

5761 flotson the Skirmisher (level 10, -8/80 HPs)
             Began as a Demonspawn Delver on July 29, 2021.
             Was an Initiate of Gozag.
             Mangled by Harold (19 damage)
             ... on level 8 of the Dungeon on July 30, 2021.
             The game lasted 00:36:00 (10741 turns).

flotson the Skirmisher (Demonspawn Delver)         Turns: 10741, Time: 00:36:00

Health: -8/80      AC: 18    Str: 22 (23) XL:     10   Next: 49%
Magic:  0/10       EV:  8    Int: 13      God:    Gozag
Gold:   1432       SH:  0    Dex: 12 (14) Spells: 9/9 levels left

rFire   + . .      SeeInvis .   a - +2 morningstar (drain)
rCold   + . .      Faith    .   (no shield)
rNeg    . . .      Spirit   +   C - +0 plate armour
rPois   +          Reflect  .   (helmet restricted)
rElec   .          Harm     .   y - scarf {repulsion}
rCorr   .          Rampage  .   e - +0 pair of gloves
Will    .....                   u - +0 pair of boots
Stlth   ..........              q - amulet of guardian spirit
HPRegen 0.23/turn               p - +4 ring of evasion
MPRegen 0.12/turn               B - ring "Pofomaki" {rPois rF+ Str+8 Stlth-}

@: marked, held, studying Short Blades, repel missiles
A: horns 2, yellow scales 2, demonic magic 2, cold resistance 1, deterioration
1, screaming 1
a: Renounce Religion, Potion Petition, Call Merchant, Bribe Branch


You were on level 8 of the Dungeon.
You worshipped Gozag.
Gozag was most pleased with you.
You visited 2 branches of the dungeon, and saw 9 of its levels.
You also visited: Ossuary.

You collected 1812 gold pieces.
You spent 195 gold pieces at shops.
You paid 185 gold pieces to Gozag.

Inventory:

Hand Weapons
 a - a +2 morningstar of draining (weapon)
 b - a +0 hand crossbow
 c - a +0 broad axe
Missiles
 i - 7 boomerangs (quivered)
 G - 12 poisoned darts
Armour
 e - a +0 pair of gloves (worn)
 u - a +0 pair of boots (worn)
 y - a scarf of repulsion (worn)
 C - a +0 plate armour (worn)
Jewellery
 p - a +4 ring of evasion (left hand)
 q - an amulet of guardian spirit (around neck)
 t - an amulet of reflection
 v - a ring of see invisible
 B - the ring "Pofomaki" (right hand) {rPois rF+ Str+8 Stlth-}
   (You acquired it on level 6 of the Dungeon)

   [ring of protection from fire]

   Str:       It affects your strength (+8).
   rF:        It protects you from fire.
   rPois:     It protects you from poison.
   Stlth:     It makes you less stealthy.
 H - a ring of ice
Wands
 f - a wand of iceblast (13)
 g - a wand of digging (9)
 E - a wand of charming (5)
 F - a wand of mindburst (8)
Scrolls
 j - 4 scrolls of teleportation
 k - a scroll of holy word
 m - a scroll of silence
 r - 2 scrolls of vulnerability
 s - a scroll of immolation
 w - a scroll of summoning {unknown}
 z - 3 scrolls of fog
 A - a scroll of blinking
Potions
 h - a potion of mutation
 l - 3 potions of might
 n - 6 potions of curing
 o - 5 potions of attraction
 x - a potion of flight
 D - a potion of cancellation


   Skills:
 + Level 7.8 Fighting
 + Level 6.6 Axes
 - Level 3.3(3.6) Slings
 - Level 4.0 Crossbows
 + Level 1.8(2.9) Throwing
 + Level 6.4 Armour
 + Level 6.7 Dodging
 - Level 4.5 Stealth
 + Level 2.0 Evocations


You had 9 spell levels left.
You didn't know any spells.
Your spell library contained the following spells:

 Spells                   Type           Power      Damage    Failure   Level
 Magic Dart               Conj           0%         1d3       99%         1
 Pain                     Necr           0%         1d4       99%         1
 Call Imp                 Summ           0%         N/A       100%        2
 Static Discharge         Conj/Air       0%         N/A       100%        2
 Gell's Gravitas          Tloc           0%         N/A       100%        3
 Lesser Beckoning         Tloc           0%         N/A       100%        3
 Mephitic Cloud           Conj/Pois/Air  0%         N/A       100%        3
 Teleport Other           Tloc           0%         N/A       100%        3
 Dispel Undead            Necr           0%         3d6       100%        4
 Sticky Flame             Conj/Fire      0%         2d3       100%        4
 Agony                    Necr           0%         N/A       100%        5
 Excruciating Wounds      Necr           0%         N/A       100%        5


Dungeon Overview and Level Annotations

Branches:
Dungeon (8/15)             Temple (1/1) D:7         Ossuary (visited)
   Lair: D:8-11

Altars:
Ashenzari
Cheibriados
Dithmenos
Fedhas
Gozag
Hepliaklqana
Ru
Trog
Uskayaw
Wu Jian
Xom
Yredelemnul
Zin
The Shining One

Shops:
D:3 ?

Annotations:
D:4 2 transporters, flotson's ghost, weakling DsDe
D:8 Grum; Harold


Innate Abilities, Weirdness & Mutations

You have a pair of horns on your head.
You are mostly covered in yellow scales. (AC +3)
Spells you cast may paralyse nearby enemies.
Your flesh is cold resistant. (rC+)
Your body sometimes deteriorates upon taking damage.
You occasionally shout uncontrollably at your foes.


Message History

You kill the wolf!
You now have 1432 gold pieces (gained 6).
There is a stone staircase leading down here.
You start resting.
Magic restored.
You start resting.
The sentinel's mark upon you fades away.
You climb downwards.
You hear the roar of battle.
There is an entrance to a bailey on this level.
Hurry and find it before the portal closes forever!
Level annotation: Grum; Harold You hear the faint creaking of a portcullis very nearby.
Harold throws a throwing net.
The throwing net hits you.
You become entangled in the net!
There is a stone staircase leading up here.
You see here a throwing net.
You struggle against the net.
You struggle against the net.
Harold hits you with a +0 battleaxe.
An orc comes into view. It is wielding a +0 whip.
Unknown command.
You struggle against the net.
Harold points at you and mumbles some strange words.
A sentinel's mark forms upon you.
Grum hits you from afar with a +1 glaive!
Unknown command.
You struggle against the net.
Harold points at you and mumbles some strange words.
The mark upon you grows brighter.
Grum hits you from afar with a +1 glaive!
* * * LOW HITPOINT WARNING * * *
Unknown command.
You feel better.
Harold seems less drained.
Harold hits you with a +0 battleaxe!!
* * * LOW HITPOINT WARNING * * *
Grum hits you from afar with a +1 glaive!
* * * LOW HITPOINT WARNING * * *
Your body deteriorates!
You feel weakened.
You feel better. Harold hits you with a +0 battleaxe!!
You die...
Your body crumbles into a pile of gold.

,,∩,,⌠*,*#..# *.# ***,,,,,,,,,,,
******#.##..####.# ************ *
*#...)......## ****,,,,,,, **
*#...##.#....># ***,,,,,,,,,, ,*
#..#.*#.g.###.#**,,,*****,*** ,**
#.*#,*#..###..,,,,*******,***
,,**#.#*,*#..# #.#,**** *,,,,,,*
*,,,,....##(F###.#,,**** *,,,,,,*
*,,**,#.......##@#*,,,,***,,,,,,*
,,,**,#.###..og@.#***,,,,,,,,,,<*
**,**,,,*#..##h###**,,*,**,,,,,,*
,,,,,,,#...###.#***,,**,**,,,,,,*
,,,,,,...##* #..,,,,***,**,,$,,,*
,,,,,*#..****###.**** *,*********
,,,*,*#.,,,,****.# *,,,,,,,,*
,,,*,*#,***,,,,,,#* **,,,,,,$*
,,,,,,,,,,,,,***,,*******,,,∩$,*


You could see Harold, Grum, a wolf and an orc.

Vanquished Creatures
  A two-headed ogre (D:6)
  Pikel (D:7)
  A gargoyle (D:6)
  A hornet (D:5)
  Grinder (D:4)
  A steam dragon (D:7)
  2 water moccasins
  2 orc warriors
  3 black bears
  2 ice beasts
  2 sky beasts
  2 necrophages
  2 ogres
  A wolf (D:7)
  A centaur (D:5)
  A phantom (D:6)
  An elf zombie (D:6)
  4 lemures (D:7)
  A bullfrog (D:7)
  7 scorpions
  2 elf skeletons (D:6)
  A wyvern zombie (D:6)
  A water moccasin zombie (D:6)
  A water moccasin skeleton (D:4)
  A vampire bat (D:4)
  A bullfrog zombie (D:6)
  2 centaur zombies
  A human zombie (D:6)
  3 jellies
  4 orc priests
  5 hounds
  2 centaur skeletons (D:6)
  A gnoll shaman (D:3)
  8 iguanas
  A scorpion zombie (D:5)
  2 orc wizards (D:5)
  Natasha (thrice) (D:4)
  A hound skeleton (D:4)
  8 mummies (Ossuary)
  Robin (D:2)
  10 gnolls
  2 howler monkey skeletons
  6 adders
  A white imp (D:5)
  2 ufetubi
  2 adder skeletons (D:4)
  3 worms
  A dart slug (D:1)
  25 orcs
  A ball python (D:1)
  6 endoplasms
  A giant cockroach (D:1)
  22 goblins
  10 hobgoblins
  5 jackals
  4 kobolds
  4 quokkas
  7 bats (D:4)
  2 frilled lizards (D:1)
  A gnoll zombie (Ossuary)
  6 hobgoblin zombies (Ossuary)
  A kobold zombie (Ossuary)
  An orc skeleton (D:6)
  An orc zombie (D:6)
  4 rats
214 creatures vanquished.

Vanquished Creatures (others)
  A plant (D:3)
1 creature vanquished.

Grand Total: 215 creatures vanquished

Notes
Turn   | Place    | Note
-------+----------+-------------------------------------------
     0 | D:5      | flotson the Demonspawn Delver began the quest for the Orb.
     0 | D:5      | Reached XP level 1. HP: 18/18 MP: 1/1
    30 | D:4      | Gained mutation: Your body sometimes deteriorates upon
                  | taking damage. [potion of mutation]
    30 | D:4      | Gained mutation: Your flesh is cold resistant. (rC+)
                  | [potion of mutation]
    30 | D:4      | Gained mutation: You occasionally shout uncontrollably at
                  | your foes. [potion of mutation]
   315 | D:4      | Gained mutation: You are partially covered in yellow
                  | scales. (AC +2) [demonic ancestry]
   315 | D:4      | Reached XP level 2. HP: 14/24 MP: 2/2
   611 | D:4      | Reached skill level 1 in Armour
   716 | D:4      | Gained mutation: You have a pair of small horns on your
                  | head. [demonic ancestry]
   716 | D:4      | Reached XP level 3. HP: 24/29 MP: 3/3
   716 | D:4      | Gained mutation: You have a pair of horns on your head.
                  | [demonic ancestry]
   716 | D:4      | Reached XP level 4. HP: 29/35 MP: 4/4
   774 | D:4      | Found a transporter.
   853 | D:4      | Reached skill level 1 in Slings
  1184 | D:4      | Noticed Grinder
  1296 | D:4      | Noticed Natasha
  1300 | D:4      | Killed Natasha
  1301 | D:4      | Reached XP level 5. HP: 42/42 MP: 5/5
  2623 | D:2      | Noticed Robin
  2653 | D:2      | Reached skill level 4 in Fighting
  2674 | D:2      | Killed Robin
  3668 | D:3      | Found Ohiratu's Magic Scroll Shoppe.
  3676 | D:3      | Bought a scroll of identify for 26 gold pieces
  3676 | D:3      | Bought a scroll of teleportation for 39 gold pieces
  3961 | D:4      | Gained mutation: You are mostly covered in yellow scales.
                  | (AC +3) [demonic ancestry]
  3961 | D:4      | Reached XP level 6. HP: 43/48 MP: 6/6
  4788 | D:4      | Paralysed by Grinder for 5 turns
  4946 | D:4      | Paralysed by Grinder for 5 turns
  4952 | D:4      | Killed Grinder
  4953 | D:4      | Reached XP level 7. HP: 41/55 MP: 5/7
  5158 | D:4      | Noticed flotson's ghost (weakling DsDe)
  5164 | D:4      | Found a transporter.
  5281 | D:4      | Noticed Natasha
  5292 | D:4      | Killed Natasha
  5377 | D:4      | Noticed Natasha
  5394 | D:4      | Killed Natasha
  5544 | D:4      | Found a broken altar of Ashenzari.
  5548 | D:4      | Found a shadowy altar of Dithmenos.
  5557 | D:4      | Found a sacrificial altar of Ru.
  5564 | D:4      | Found a basalt altar of Yredelemnul.
  5698 | D:5      | Reached skill level 5 in Fighting
  5722 | D:5      | Noticed a hornet
  5728 | D:5      | Paralysed by a hornet for 2 turns
  5736 | D:5      | Paralysed by a hornet for 3 turns
  5737 | D:5      | HP: 2/56 [hornet (9)]
  5739 | D:5      | Killed a hornet
  5740 | D:5      | Gained mutation: Spells you cast may paralyse adjacent
                  | enemies. [demonic ancestry]
  5740 | D:5      | Reached XP level 8. HP: 33/62 MP: 2/8
  6490 | D:5      | Reached skill level 1 in Crossbows
  7380 | D:5      | Reached skill level 6 in Fighting
  7380 | D:5      | Reached skill level 5 in Dodging
  7391 | D:5      | Reached skill level 5 in Axes
  7678 | D:5      | Gained mutation: Spells you cast may paralyse nearby
                  | enemies. [demonic ancestry]
  7678 | D:5      | Reached XP level 9. HP: 39/69 MP: 9/9
  7933 | D:6      | Found a sand-covered staircase.
  7938 | Ossuary  | Entered an ossuary
  8216 | Ossuary  | Reached skill level 5 in Armour
  8291 | Ossuary  | Identified 2 scrolls of acquirement
  8321 | D:6      | Acquired the ring "Pofomaki" {rPois rF+ Str+8 Stlth-}
  8325 | D:6      | Acquired 1041 gold pieces
  8358 | D:6      | Noticed a gargoyle
  8378 | D:6      | Killed a gargoyle
  8647 | D:3      | Bought a scroll of identify for 26 gold pieces
  8647 | D:3      | Bought a scroll of identify for 26 gold pieces
  8647 | D:3      | Bought a scroll of identify for 26 gold pieces
  8647 | D:3      | Bought a scroll of identify for 26 gold pieces
  8647 | D:3      | Bought a scroll of identify for 26 gold pieces
  8730 | D:6      | Found a hide-covered altar of Uskayaw.
  8732 | D:6      | Noticed a two-headed ogre
  9090 | D:6      | Killed a two-headed ogre
  9091 | D:6      | Reached skill level 7 in Fighting
  9091 | D:6      | Reached XP level 10. HP: 63/79 MP: 7/10
  9400 | D:6      | Found a hazy altar of Hepliaklqana.
  9818 | D:7      | Found a staircase to the Ecumenical Temple.
  9827 | Temple   | Entered the Ecumenical Temple
  9853 | Temple   | Became a worshipper of Gozag Ym Sagoz the Greedy
  9949 | D:7      | Reached skill level 1 in Evocations
  9993 | D:7      | Reached skill level 1 in Throwing
 10075 | D:7      | Found a blossoming altar of Fedhas.
 10158 | D:7      | Noticed Pikel
 10168 | D:7      | Killed Pikel
 10642 | D:8      | Noticed Harold
 10656 | D:8      | Noticed Grum
 10740 | D:8      | HP: 1/80 [Grum (9)]
 10741 | D:8      | Mangled by Harold

Illustrated notes

Levels and vault maps discovered:
D:1:      dpeg_arrival_brainrot, layout_loops_corners
D:2:      layout_rooms, chequers_serial_rivers_small_3, uniq_robin
D:3:      layout_loops_ring, serial_shops, shop, serial_bayou,
          serial_bayou_pond_d, serial_bayou_pond_e, serial_bayou_lake_a,
          serial_bayou_ford_a, serial_bayou_lagoon_a, serial_bayou_crossing
D:4:      layout_layer_cave, minmay_overflow_temple_star_hex,
          gammafunk_ghost_mausoleum, roderic_batcave, minmay_misc_feat_plants,
          uniq_natasha, uniq_grinder
D:5:      minmay_thinvault, layout_layer_cave, mainiacjoe_overflow_24_doors,
          st_stairs_1
D:6:      cheibrodos_fzero, layout_cave_pools, grunt_temple_overflow_open,
          nicolae_ossuary_entry_catacombs, hangedman_decor_slide_cut,
          minivault_25, nrook_mini_backslash, mrwooster_statue_mirror
D:7:      layout_basic, mainiacjoe_overflow_paths, minmay_temple_entry_glass,
          uniq_pikel
D:8:      layout_rooms, enter_bailey_8, serial_shops, nicolae_lakefront_shop,
          shop_coins, shop, shop_statue, shop, nrook_uturn, uniq_psyche,
          uniq_grum, uniq_harold
Temple:   minmay_temple_curvy_loop

Skill      XL: |  1  2  3  4  5  6  7  8  9 10 |
---------------+-------------------------------+-----
Axes           | 2 3 4 5 6 |  6.6
Dodging        | 2 3 4 5 6 |  6.7
Armour         | 1 2 3 4 5 6 |  6.4
Slings         | 1 2 3 |  3.3
Fighting       | 4 5 6 7 |  7.8
Crossbows      | 2 4 |  4.0
Evocations     | 2 |  2.0
Throwing       | 1 |  1.8
Stealth        | |  4.5

Action                   |  1- 3 |  4- 6 |  7- 9 | 10-12 || total
-------------------------+-------+-------+-------+-------++-------
Melee: Hand axe          |    27 |    22 |       |       ||    49
       Headbutt          |       |    38 |    82 |    34 ||   154
       Halberd           |       |   251 |   140 |       ||   391
       Trident           |       |       |   252 |   107 ||   359
       Morningstar       |       |       |       |    60 ||    60
 Fire: Hunting sling     |     8 |    31 |       |       ||    39
Throw: Boomerang         |       |       |    41 |     3 ||    44
Evoke: Wand              |       |       |       |     3 ||     3
  Use: Potion            |     2 |       |     4 |     2 ||     8
       Scroll            |       |     7 |    15 |     2 ||    24
 Stab: Sleeping          |     1 |     9 |     9 |       ||    19
       Distracted        |       |       |       |     2 ||     2
Armor: Leather armour    |     8 |       |       |       ||     8
       Ring mail         |     6 |   107 |   172 |       ||   285
       Plate armour      |       |       |       |   103 ||   103
Dodge: Dodged            |    24 |   256 |   420 |   110 ||   810

Table legend: (Time is in decaauts)
 A = Elapsed time spent in this place.
 B = Non-inter-level travel time spent in this place.
 C = Inter-level travel time spent in this place.
 D = Time resting spent in this place.
 E = Time spent auto-exploring this place.
 F = Levels seen in this place.
 G = Mean time per level.
                   A        B        C        D        E       F      G
               +--------+--------+--------+--------+--------+-----+--------+
         Total |  11063 |  10465 |    598 |    767 |   7387 |  10 | 1106.3 |
       Dungeon |  10566 |   9994 |    572 |    767 |   7106 |   8 | 1320.8 |
        Temple |    104 |     78 |     26 |      0 |     10 |   1 |  104.0 |
       Ossuary |    392 |    392 |      0 |      0 |    271 |   1 |  392.0 |
               +--------+--------+--------+--------+--------+-----+--------+

Top non-repeatable levels by time:
     D:4: 2966 daAuts
     D:5: 2398 daAuts
     D:3: 1483 daAuts
     D:1: 1044 daAuts
     D:6: 995 daAuts
     D:7: 877 daAuts
     D:2: 750 daAuts
 Ossuary: 392 daAuts
  Temple: 104 daAuts
     D:8: 49 daAuts
